Map: Dusk Towers

Players

Pheonix - Winner!

  • Race: Zerg Zerg
  • League: Bronze

Mynis

  • Race: Terran Terran

VOD

Have the link to the VOD?

Description

Time

  • Played on: April 15, 2016, 10:02 p.m.
  • Length: 12:46
Show
View Real Time Build Order
Export as new Build Order

Pheonix Zerg - Winner!

Build Orders: Hatch First 

Get SALT Encoding   

  12  0:04  Drone  
  13  0:11  Drone  
  14  0:18  Extractor  
  14  0:19  Drone  
  15  0:26  Extractor  
  15  0:28  Extractor, Drone  
  14  0:34  Evolution Chamber  
  14  0:35  Drone  
  17  0:55  Hatchery  
  16  0:57  Overlord  
  16  1:17  Drone x3  
  19  1:33  Extractor  
  19  1:37  Spawning Pool  
  17  1:45  Overlord  
  17  2:00  Drone  
  17  2:01  Drone x2  
  20  2:04  Hatchery  
  19  2:10  Overlord  
  19  2:23  Drone x3  
  19  2:24  Queen  
  24  2:32  Queen  
  26  2:43  Zergling x2  
  26  2:44  Zergling x2  
  28  2:49  Drone x2  
  30  3:14  Zergling x6  
  30  3:15  Overlord x2  
  33  3:21  Overlord  
  33  3:22  Overlord  
  33  3:28  Metabolic Boost  
  33  3:32  Drone x3  
  36  3:36  Queen  
  36  3:41  Drone x2  
  39  3:44  Drone  
  41  3:53  Drone x4  
  45  4:05  Baneling Nest  
  45  4:07  Drone x2  
  45  4:08  Drone x2  
  48  4:21  Drone x5  
  48  4:22  Drone x2  
  55  4:26  Extractor  
  55  4:27  Extractor  
  55  4:29  Lair  
  53  4:37  Drone x3  
  53  4:38  Drone x2  
  58  5:03  Zergling x18, Overlord x3  
  58  5:04  Zergling x2  
  68  5:19  Zergling x2  
  68  5:20  Zergling x6  
  70  5:27  Zergling x20  
  78  5:49  Drone  
  79  5:50  Drone x5  
  79  5:57  Extractor, Spire  
  83  6:00  Baneling  
  83  6:01  Baneling x5  
  83  6:02  Baneling  
  82  6:06  Evolution Chamber  
  82  6:09  Evolution Chamber, Zergling x4, Overlord x2  
  82  6:23  Zergling x14  
  82  6:24  Overlord x2  
  74  6:47  Zergling x2  
  74  6:48  Zergling x26  
  74  6:52  Zerg Melee Weapons Level 1  
  74  6:53  Zerg Ground Armor Level 1  
  87  7:08  Zergling x2  
  75  7:09  Zergling x10  
  79  7:26  Baneling  
  79  7:27  Baneling x4  
  79  7:35  Overlord x3  
  79  7:36  Mutalisk x2  
  79  7:37  Mutalisk x3  
  81  7:43  Zergling x10  
  94  7:50  Zergling x2  
  95  7:58  Drone x5  
  99  8:00  Zergling x10  
  99  8:02  Baneling x4  
  105  8:16  Overlord x5  
  104  8:23  Mutalisk  
  104  8:24  Mutalisk  
  108  8:32  Overseer x3  
  108  8:33  Overseer  
  108  8:38  Zergling x2  
  108  8:39  Zergling x18  
  118  8:43  Extractor  
  118  8:45  Extractor  
  118  8:47  Hatchery  
  115  9:08  Mutalisk x3  
  121  9:16  Drone x2  
  121  9:17  Drone x4  
  127  9:24  Overlord  
  127  9:25  Overlord  
  127  9:28  Zerg Flyer Weapons Level 1  
  127  9:29  Mutalisk  
  107  10:05  Zergling x2  
  107  10:06  Zergling x12  
  113  10:18  Zerg Melee Weapons Level 2  
  113  10:19  Infestation Pit, Zerg Ground Armor Level 2  
  110  10:53  Overlord  
  110  11:16  Zergling x30  
  110  11:17  Zergling x8  
  110  11:18  Zergling x4  
  129  11:30  Queen  
  131  11:34  Baneling  
  131  11:35  Baneling x3  
  131  11:51  Mutalisk x2  
  131  11:52  Mutalisk x12  
  135  12:02  Baneling x4  
  114  12:11  Zergling x2  
  114  12:12  Zergling x20  
Show
View Real Time Build Order
Export as new Build Order

Mynis Terran 

Build Orders:  

Get SALT Encoding   

  12  0:09  Supply Depot  
  12  0:12  SCV  
  13  0:25  SCV  
  14  0:34  Barracks  
  14  0:38  SCV  
  14  0:42  Refinery  
  15  0:52  SCV  
  16  1:04  SCV  
  17  1:17  SCV  
  18  1:21  Marine  
  18  1:22  Barracks  
  19  1:29  Orbital Command  
  19  1:39  Marine  
  20  1:56  Factory  
  20  1:57  Marine  
  21  2:03  SCV  
  22  2:13  Refinery  
  22  2:14  Supply Depot, Marine  
  23  2:35  Marine  
  23  2:36  SCV  
  25  2:38  Supply Depot  
  25  2:42  Factory Tech Lab  
  25  2:44  Starport  
  25  2:48  SCV  
  26  2:53  Barracks Tech Lab, Marine  
  27  3:00  SCV  
  28  3:10  Siege Tank, Engineering Bay  
  28  3:12  SCV  
  32  3:25  Barracks Reactor  
  34  3:27  Marauder  
  34  3:50  Command Center  
  34  3:57  Medivac  
  34  4:02  Marine x2, Stimpack  
  38  4:12  Supply Depot  
  38  4:20  Marine  
  39  4:33  Marine  
  39  4:34  Supply Depot, Marauder  
  39  4:36  Siege Tank  
  45  4:46  Medivac  
  47  4:55  Marine x2  
  47  4:56  Marauder  
  51  5:02  Orbital Command  
  51  5:13  Marine  
  52  5:17  Marauder  
  46  5:34  Marine  
  46  5:35  Marine  
  48  5:39  SCV  
  48  5:42  Siege Tank  
  50  5:44  Marauder  
  52  5:51  SCV  
  52  5:52  Marine  
  52  5:53  Terran Infantry Weapons Level 1, Marine  
  55  6:03  SCV  
  56  6:05  Marauder  
  56  6:10  Marine x2  
  60  6:14  Siege Tank  
  60  6:15  SCV, Barracks  
  64  6:26  Marauder  
  64  6:28  Marine x2  
  54  6:46  Marine  
  50  6:48  Marauder  
  52  6:54  Marine  
  53  7:04  Marine  
  54  7:09  Marauder  
  54  7:12  Marine  
  54  7:13  Siege Tank  
  60  7:30  Marauder  
  62  7:52  Barracks Reactor, Marauder, Marine x2  
  66  8:03  Refinery  
  66  8:04  Starport Tech Lab, Refinery  
  66  8:07  Siege Tank  
  66  8:10  Marine  
  70  8:20  Supply Depot  
  70  8:42  Siege Tank, Marauder, Marine x3  
  70  8:43  Supply Depot  
  78  8:50  Terran Infantry Armor Level 1  
  78  8:51  Supply Depot  
  78  8:55  Armory  
  78  9:04  Marine x4  
  78  9:05  Marauder  
  78  9:07  Supply Depot  
  84  9:10  Supply Depot  
  84  9:14  Siege Tank  
  87  9:22  Marine x4  
  91  9:26  Marauder  
  93  9:34  Supply Depot  
  93  9:40  Marine x4  
  97  9:47  Marauder  
  86  9:57  Supply Depot, Marine x3  
  69  10:04  Medivac  
  69  10:05  Marine  
  70  10:09  Marauder  
  72  10:15  Marine x3  
  72  10:16  Terran Vehicle Weapons Level 1  
  75  10:23  Marine  
  76  10:30  Marauder  
  76  10:33  Marine x3  
  76  10:34  Medivac  
  83  10:41  Marine  
  84  10:49  Orbital Command  
  84  10:51  Marauder, Marine x2  
  78  10:59  Marine  
  79  11:12  Siege Tank, Medivac  
  79  11:13  Marauder  
  86  11:34  Marauder  
  88  11:44  Siege Tank  
  91  11:56  Marauder  
  54  12:17  Marauder  
Tags
 
Add a new tag
Caveats
  • Supply blocks, unpowered buildings, or Contaminate may cause inaccurate times.
  • Supply counts are checked every 10 seconds.